 Dungeon Crawl Stone Soup version 0.29.1-12-g30fa7ad0bf (webtiles) character file.

Game seed: 6365391401990855734

3150 Coaxmetal the Arsonist (level 9, -10/69 HPs)
             Began as a Black Draconian Fire Elementalist on Dec 19, 2022.
             Was a Believer of Vehumet.
             Mangled by an orc warrior
             ... wielding a +1 flail of protection
              (14 damage)
             ... on level 8 of the Dungeon.
             The game lasted 00:24:56 (9258 turns).

Coaxmetal the Arsonist (DrFE)                       Turns: 9258, Time: 00:24:56

Health: -10/69     AC:  8    Str:  9    XL:     9   Next: 62%
Magic:  9/20       EV: 12    Int: 20    God:    Vehumet [**....]
Gold:   566        SH:  0    Dex: 14    Spells: 15/22 levels left

rFire   + + .      SeeInvis .   n - +11 spear "Draconian's Peril" {speed, Contam Will+++ rCorr Str-2 Stlth+}
rCold   . . .      Faith    .   (no shield)
rNeg    + . .      Spirit   .   (body armour unavailable)
rPois   +          Reflect  .   (helmet restricted)
rElec   +          Harm     .   A - +0 cloak
rCorr   +          Rampage  .   (no gloves)
Will    +++..                   (no boots)
Stlth   ++++......              t - amulet of regeneration
HPRegen 1.01/turn               v - ring "Tyqoimecw" {Fire +Blink Dex+3}
MPRegen 0.17/turn               e - ring of positive energy

@: resistant, attractive
A: breathe lightning, AC +7, unfitting armour, electricity resistance,
cold-blooded
a: Breathe Lightning, Renounce Religion, Evoke Blink


You were on level 8 of the Dungeon.
You worshipped Vehumet.
Vehumet was pleased with you.
You visited 2 branches of the dungeon, and saw 9 of its levels.

You collected 566 gold pieces.

Inventory:

Hand Weapons
 n - the +11 spear "Draconian's Peril" (weapon) {speed, Contam Will+++ rCorr Str-2 Stlth+}
   (You found it on level 2 of the Dungeon)

   Attacks with this weapon are significantly faster.
   Str:       It affects your strength (-2).
   Contam:    It causes magical contamination when unequipped.
   rCorr:     It protects you from acid and corrosion.
   Will:      It greatly increases your willpower.
   Stlth:     It makes you more stealthy.
Missiles
 i - 2 throwing nets
Armour
 A - a +0 cloak (worn)
Jewellery
 c - a ring of protection from fire
 e - a ring of positive energy (right hand)
 j - an amulet of faith
 t - an amulet of regeneration (around neck)
 u - a ring of wizardry
 v - the ring "Tyqoimecw" (left hand) {Fire +Blink Dex+3}
   (You found it on level 5 of the Dungeon)

   [ring of fire]

   It enhances your fire magic.
   Dex:       It affects your dexterity (+3).
   rF:        It protects you from fire.
   rC:        It makes you vulnerable to cold.
   +Blink:    It lets you blink.
 B - a ring of wizardry
Wands
 w - a wand of flame (16)
 z - a wand of light (2)
Scrolls
 b - a scroll of amnesia {unknown}
 d - 11 scrolls of identify {unknown}
 g - 6 scrolls of teleportation
 l - a scroll of enchant weapon {unknown}
 o - 3 scrolls of noise {unknown}
 p - 2 scrolls of enchant armour {unknown}
 q - 2 scrolls of poison {unknown}
 y - 3 scrolls of vulnerability {unknown}
 E - a scroll of torment {unknown}
Potions
 a - 2 potions of magic
 f - a potion of might {unknown}
 h - 3 potions of brilliance {unknown}
 k - 3 potions of resistance
 m - a potion of ambrosia {unknown}
 r - 2 potions of attraction
 s - a potion of flight {unknown}
 x - 2 potions of berserk rage {unknown}
 C - a potion of cancellation {unknown}


   Skills:
 + Level 3.1 Fighting
 + Level 2.9 Polearms
 - Level 1.7 Dodging
 - Level 4.0 Stealth
 - Level 7.3 Spellcasting
 - Level 4.0 Conjurations
 + Level 2.9 Summonings
 - Level 8.0 Fire Magic
 + Level 3.5 Air Magic


You had 15 spell levels left.
You knew the following spells:

 Your Spells              Type           Power      Damage    Failure   Level
a - Foxfire               Conj/Fire      100%       2x1d9     1%          1
b - Scorch                Fire           100%       2d10      1%          2
c - Shock                 Conj/Air       88%        1d8       1%          1
d - Call Canine Familiar  Summ           18%        N/A       9%          3

Your spell library contained the following spells:

 Spells                   Type           Power      Damage    Failure   Level
 Stone Arrow              Conj/Erth      30%        3d8       12%         3
 Conjure Flame            Conj/Fire      47%        6-21      2%          3
 Inner Flame              Hex/Fire       35%        N/A       5%          3
 Flame Wave               Conj/Fire      47%        2d12      8%          4
 Gell's Gravitas          Tloc           7%         N/A       26%         3
 Lesser Beckoning         Tloc           7%         N/A       26%         3
 Portal Projectile        Hex/Tloc       14%        N/A       26%         3
 Teleport Other           Tloc           7%         N/A       26%         3
 Leda's Liquefaction      Hex/Erth       3%         N/A       65%         4
 Conjure Ball Lightning   Conj/Air       11%        3x3d6     96%         6
 Discord                  Hex            3%         N/A       100%        8
 Disjunction              Tloc           3%         N/A       100%        8


Dungeon Overview and Level Annotations

Branches:
Dungeon (8/15)             Temple (1/1) D:5
   Lair: D:8-11

Altars:
Ashenzari
Cheibriados
Dithmenos
Elyvilon
Fedhas
Gozag
Hepliaklqana
Kikubaaqudgha
Makhleb
Nemelex Xobeh
Okawaru
Qazlal
Ru
Sif Muna
Trog
Uskayaw
Vehumet
Wu Jian
Xom
Yredelemnul
Zin
The Shining One

Shops:
D:4 (


Innate Abilities, Weirdness & Mutations

You can breathe wild blasts of lightning.
Your glossy black scales are hard. (AC +7)
You cannot fit into any form of body armour.
You are resistant to electric shocks. (rElec)
You are cold-blooded and may be slowed by cold attacks.


Message History

The orc warrior is lightly wounded.
The foxfire hits the orc warrior.
The orc warrior is lightly wounded.
The orc wizard casts a spell at you. The magic dart hits your hound.
Your hound barely misses the orc wizard.
Casting: Foxfire (safe; 1% risk of failure)
Confirm with . or Enter, or press ? or * to list all spells.
You feel a surge of power!
Flames lash the orc warrior.
The orc warrior is moderately wounded.
The orc warrior's fire resistance burns away.
Your hound bites the orc wizard but does no damage.
The orc warrior hits you with a +1 flail of protection!
* * * LOW HITPOINT WARNING * * *
The orc hits your hound with a +0 whip.
Your hound barely misses the orc wizard.
Casting: Scorch (safe; 1% risk of failure)
Confirm with . or Enter, or press ? or * to list all spells.
You feel a surge of power!
Flames lash the orc warrior.
The orc warrior is burned terribly!
The orc warrior is severely wounded.
The orc warrior hits you with a +1 flail of protection!
* * * LOW HITPOINT WARNING * * *
The orc hits your hound with a +0 whip.
Your hound bites the orc wizard.
Okay, then.
You feel better.
Your hound bites the orc wizard.
The orc warrior misses you.
You feel better.
The orc warrior hits you with a +1 flail of protection!
* * * LOW HITPOINT WARNING * * *
The orc hits your hound with a +0 whip.
Your hound dies!
Your hound's corpse disappears in a puff of smoke!
The orc wizard closely misses you.
It was a potion of resistance.
You feel protected. The orc wizard barely misses you.
The orc warrior closely misses you.
It was a potion of attraction.
You feel attractive to monsters.
The orc warrior hits you with a +1 flail of protection!
You die...

# #..)....# #)#..##.......# #
#..###..# #.#..##.......# #
#..# #.## #....##.......# #
##.##### ##..#.##.......# #
##..### ####..##..........#. #
#.....###........##.........
###.###..##....o.####...^.....
....#..........oo....<......#
...##...>......#@#####......#
...##<.......###.##.......#.#
...##.......####....#..###....
............##...####.## ...
...##..........#.###>.#### ..
............####.........# .
...#...####.#####........#
.#.#.###.......##........#
.....###.......##........#


You could see an orc warrior (combustible), an orc wizard and an orc.

Vanquished Creatures
  Sigmund (D:3)
  A wyvern (D:8)
  4 ice beasts
  An orc warrior (D:7)
  A sky beast (D:7)
  A black bear (D:5)
  3 ogres
  2 centaurs (D:7)
  A kobold brigand (D:7)
  2 gnoll sergeants
  2 bullfrogs
  2 scorpions
  3 wights (D:8)
  4 electric eels (D:6)
  6 orc priests
  8 hounds
  2 jellies
  2 gnoll boudas
  4 orc wizards
  An iguana (D:5)
  Ijyb (D:5)
  15 gnolls
  7 adders
  2 white imps (D:7)
  3 ufetubi
  2 worms
  3 dart slugs
  16 orcs
  9 ball pythons
  A bat (D:1)
  10 endoplasms
  2 giant cockroaches
  11 goblins
  13 hobgoblins
  4 jackals (D:1)
  17 kobolds
  3 quokkas
  4 frilled lizards
  8 rats
  2 foxfires (D:7)
184 creatures vanquished.

Vanquished Creatures (collateral kills)
  4 foxfires
4 creatures vanquished.

Vanquished Creatures (others)
  562 foxfires
  34 plants
596 creatures vanquished.

Grand Total: 784 creatures vanquished

Notes
Turn   | Place    | Note
-------+----------+-------------------------------------------
     0 | D:1      | Coaxmetal the Draconian Fire Elementalist began the quest
                  | for the Orb.
     0 | D:1      | Reached XP level 1. HP: 14/14 MP: 3/3
   149 | D:1      | Reached XP level 2. HP: 14/20 MP: 1/5
   830 | D:1      | Reached XP level 3. HP: 26/26 MP: 4/6
  1142 | D:1      | You fall into a shaft and drop 1 floor!
  1568 | D:2      | Found a faded altar of an unknown god.
  1730 | D:2      | Identified the +11 spear "Draconian's Peril" {speed, Contam
                  | Will+++ rCorr Str-2 Stlth+}
  2229 | D:2      | Reached XP level 4. HP: 33/33 MP: 5/7
  2685 | D:3      | Found a bloodstained altar of Trog.
  2761 | D:3      | Noticed Sigmund
  3325 | D:3      | Reached skill level 4 in Fire Magic
  3509 | D:3      | Reached XP level 5. HP: 38/38 MP: 5/8
  3683 | D:3      | Killed Sigmund
  3684 | D:3      | Reached XP level 6. HP: 39/45 MP: 1/9
  3697 | D:4      | Learned a level 2 spell: Scorch
  3860 | D:4      | Reached skill level 5 in Fire Magic
  4916 | D:4      | Found Usom's Weapon Emporium.
  5197 | D:5      | Entered Level 5 of the Dungeon
  5228 | D:5      | Found a staircase to the Ecumenical Temple.
  5242 | D:5      | Identified the ring "Tyqoimecw" {Fire +Blink Dex+3}
  5250 | Temple   | Entered the Ecumenical Temple
  5492 | Temple   | Became a worshipper of Vehumet
  5606 | D:5      | Your scales start taking on a glossy black colour.
  5606 | D:5      | Reached XP level 7. HP: 50/50 MP: 6/10
  5606 | D:5      | Gained mutation: You are resistant to electric shocks.
                  | (rElec) [Black Draconian growth]
  5638 | D:5      | Reached skill level 6 in Fire Magic
  5942 | D:5      | Noticed Ijyb
  5950 | D:5      | Killed Ijyb
  6060 | D:5      | Reached skill level 7 in Fire Magic
  6546 | D:6      | Reached skill level 8 in Fire Magic
  6546 | D:6      | Reached XP level 8. HP: 57/57 MP: 3/11
  7088 | D:6      | Reached skill level 5 in Spellcasting
  7421 | D:6      | Reached * piety under Vehumet
  7421 | D:6      | Offered knowledge of Magic Dart by Vehumet.
  8220 | D:7      | Offered knowledge of Shock by Vehumet.
  8221 | D:7      | Reached XP level 9. HP: 56/62 MP: 5/19
  8266 | D:7      | Reached ** piety under Vehumet
  8310 | D:7      | Learned a level 1 spell: Shock
  8314 | D:7      | Learned a level 3 spell: Call Canine Familiar
  8392 | D:7      | Reached skill level 1 in Fighting
  8392 | D:7      | Reached skill level 1 in Air Magic
  8400 | D:7      | Reached skill level 1 in Polearms
  8400 | D:7      | Reached skill level 1 in Summonings
  8758 | D:7      | Offered knowledge of Stone Arrow by Vehumet.
  9254 | D:8      | HP: 3/69 [orc warrior/+1 flail of protection (16)]
  9258 | D:8      | Mangled by an orc warrior

Illustrated notes

Levels and vault maps discovered:
D:1:      dpeg_arrival_solitude, layout_basic, minivault_14,
          corexii_item_surrounded_by_moat
D:2:      layout_loops_corners, nicolae_ecumenical_oubliette,
          minmay_misc_feat_pillars
D:3:      layout_basic, trog_three_pillars_becter, uniq_sigmund
D:4:      layout_gridville, serial_shops, shop, grunt_ministairs_4
D:5:      layout_cave_pods, minmay_temple_entry_waves, uniq_ijyb
D:6:      layout_loops_cross, chequers_big_river
D:7:      kennysheep_housing_project, layout_basic,
          amcnicky_mini_corridor_feature
D:8:      layout_rooms
Temple:   mainiacjoe_temple_starburst

Skill      XL: |  1  2  3  4  5  6  7  8  9 |
---------------+----------------------------+-----
Stealth        | 2 3 4 |  4.0
Conjurations   | 2 3 4 |  4.0
Fire Magic     | 4 5 8 |  8.0
Spellcasting   | 7 |  7.3
Fighting       | 3 |  3.1
Air Magic      | 3 |  3.5
Polearms       | 2 |  2.9
Summonings     | 2 |  2.9
Dodging        | |  1.7

Action                   |  1- 3 |  4- 6 |  7- 9 || total
-------------------------+-------+-------+-------++-------
Melee: Whip              |    20 |       |       ||    20
       Unarmed           |     1 |       |       ||     1
       Tailslap          |     2 |     4 |     2 ||     8
       Spear             |    10 |    24 |    16 ||    50
 Cast: Foxfire           |    51 |    98 |   182 ||   331
       Scorch            |       |     3 |    26 ||    29
       Shock             |       |       |    12 ||    12
       Call Canine Famil |       |       |     3 ||     3
 Abil: Breathe Lightning |       |       |     3 ||     3
  Use: Scroll            |       |     1 |       ||     1
       Potion            |       |       |     4 ||     4
 Stab: Sleeping          |     1 |       |       ||     1
Armor: Skin              |     7 |    11 |    30 ||    48
Dodge: Dodged            |    26 |    39 |    46 ||   111
